 Dungeon Crawl Stone Soup version 0.24.1 (webtiles) character file.

Game seed: 17796831501936515168, levelgen mode: deterministic

124 Destapler the Magician (level 4, -6/32 HPs)
             Began as a Demonspawn Wizard on Mar 28, 2020.
             Was an Initiate of Makhleb.
             Killed from afar by Natasha (9 damage)
             ... with a magic dart
             ... on level 3 of the Dungeon.
             The game lasted 00:15:49 (2347 turns).

Destapler the Magician (Demonspawn Wizard)          Turns: 2347, Time: 00:15:50

Health: -6/32      AC:  4    Str:  7    XL:     4   Next: 81%
Magic:  13/28      EV: 12    Int: 21    God:    Makhleb [......]
Gold:   99         SH:  0    Dex: 13    Spells: 8/11 levels left

rFire    . . .     SeeInvis .   a - +2 whip (pain)
rCold    . . .     Gourm    .   (no shield)
rNeg     . . .     Faith    .   l - +0 robe
rPois    .         Spirit   .   b - +1 hat
rElec    .         Reflect  .   (no cloak)
rCorr    .         Harm     .   h - +0 pair of gloves
MR       .....                  (no boots)
Stlth    ++........             (no amulet)
HPRegen  0.10/turn              m - ring of magical power
MPRegen  0.21/turn              v - ring of magical power

@: no status effects
A: hooves 1, thin skeletal structure 1, demonic guardian 1
a: Renounce Religion


You were on level 3 of the Dungeon.
You worshipped Makhleb.
Makhleb was noncommittal.
You were hungry.

You visited 1 branch of the dungeon, and saw 3 of its levels.

You collected 99 gold pieces.

Inventory:

Hand Weapons
 a - a +2 whip of pain (weapon)
 e - a +0 dagger
Missiles
 f - 38 stones (quivered)
 p - 10 poisoned darts
 t - a throwing net
Armour
 b - a +1 hat (worn)
 h - a +0 pair of gloves (worn)
 l - a +0 robe (worn)
Jewellery
 m - a ring of magical power (left hand)
 v - a ring of magical power (right hand)
Scrolls
 j - 2 scrolls of identify
Potions
 g - a potion of curing
 i - a potion of lignification
 k - a potion of brilliance {unknown}
 n - a potion of heal wounds
 o - a potion of agility {unknown}
 q - a potion of mutation {unknown}
 s - a potion of flight {unknown}
 u - a potion of experience {unknown}
Comestibles
 c - 3 chunks of flesh
 d - 7 rations


   Skills:
 + Level 1.3 Fighting
 + Level 0.4 Maces & Flails
 - Level 1.7 Dodging
 - Level 1.7 Stealth
 - Level 4.0 Spellcasting
 + Level 2.4 Conjurations
   Level 1.0 Summonings
 + Level 1.6 Translocations
 + Level 1.1 Invocations


You had 8 spell levels left.
You knew the following spells:

 Your Spells              Type           Power        Failure   Level  Hunger
a - Magic Dart            Conj           ##..         4%          1    None
b - Blink                 Tloc           N/A          10%         2    #......

Your spell library contained the following spells:

 Spells                   Type           Power        Failure   Level  Hunger
 Call Imp                 Summ           #.......     12%         2    #......
 Slow                     Hex            #.......     19%         2    #......
 Conjure Flame            Conj/Fire      #.......     22%         3    ###....
 Mephitic Cloud           Conj/Pois/Air  #.......     26%         3    ###....


Dungeon Overview and Level Annotations

Branches:
Dungeon (3/15)

Altars:
Makhleb
Okawaru
The Shining One

Annotations:
D:3 Natasha


Innate Abilities, Weirdness & Mutations

You have large cloven feet.
You have a somewhat thin skeletal structure. (Dex +2, Stealth)
A weak demonic guardian rushes to your aid.


Message History

Confirm with . or Enter, or press ? or * to list all spells.
Aiming: Magic Dart (safe; 4% risk of failure)
Press: ? - help, Shift-Dir - straight line, f/p - Natasha
Aim: Natasha, carrying a wand of flame (8) (lightly wounded)
The magic dart hits Natasha.
Natasha is moderately wounded.
The white imp gestures at you. The puff of frost hits you.
* * * LOW HITPOINT WARNING * * *
Your shadow imp hits the shadow imp.
Casting: Magic Dart (safe; 4% risk of failure)
Confirm with . or Enter, or press ? or * to list all spells.
Aiming: Magic Dart (safe; 4% risk of failure)
Press: ? - help, Shift-Dir - straight line, f/p - Natasha
Aim: Natasha, carrying a wand of flame (8) (moderately wounded)
The magic dart hits Natasha.
Natasha is heavily wounded.
Natasha casts a spell at you. The magic dart hits you!
You die...

####..........÷...#####..****,,**
......###.>.#####.#*###,,**,,,,,,
####........# #.#*).,,,,,,*,,*,
#.##.....# #.##.#*,,****,,*,
#.##.##.## #..#.##..##**,,,,
#.#...#.# #.#........,,,,*, *
#.......# ####.########*****, *
###...### ##.....# #########, *
#...# #.5@...# #.......#,
######...#####5.##..# #..[....#,
#.............5.#...####.......#*
..............h...#.##...).....#
#....................#.#.......#
######†..#####.5...............#
* #...# #.......#.#.......# *
#...# #....÷..#.#.####### #...#
#.........#.#


You could see Natasha, a crimson imp, a white imp, a shadow imp and a friendly
shadow imp.

Vanquished Creatures
  Natasha (D:3)
  2 adders
  An ooze (D:2)
  2 worms
  6 dart slugs
  A leopard gecko (D:1)
  8 bats
  3 giant cockroaches
  8 goblins
  6 hobgoblins
  2 jackals (D:2)
  A quokka (D:3)
  3 frilled lizards
  8 kobolds
  12 rats
64 creatures vanquished.

Notes
Turn   | Place    | Note
-------+----------+-------------------------------------------
     0 | D:1      | Destapler the Demonspawn Wizard began the quest for the
                  | Orb.
     0 | D:1      | Reached XP level 1. HP: 13/13 MP: 4/4
     2 | D:1      | Noticed a spriggan
     4 | D:1      | Noticed a draconian
     4 | D:1      | Noticed an elf
     6 | D:1      | Noticed a centaur
     6 | D:1      | Noticed a vine stalker
     8 | D:1      | Noticed a naga
     8 | D:1      | Noticed an ogre
    10 | D:1      | Noticed a demonspawn
    10 | D:1      | Noticed a halfling
    12 | D:1      | Noticed an octopode
    12 | D:1      | Noticed a merfolk
    14 | D:1      | Noticed a ghoul
    14 | D:1      | Noticed a vampire
    16 | D:1      | Noticed a troll
    16 | D:1      | Noticed a formicid
    18 | D:1      | Noticed a human
    18 | D:1      | Noticed a tengu
    20 | D:1      | Noticed a demigod
    20 | D:1      | Noticed a gargoyle
    22 | D:1      | Noticed a dwarf
    24 | D:1      | Noticed a felid
    26 | D:1      | Noticed a minotaur
   144 | D:1      | Gained mutation: You have a somewhat thin skeletal
                  | structure. (Dex +2, Stealth) [demonic ancestry]
   144 | D:1      | Reached XP level 2. HP: 19/19 MP: 1/6
   762 | D:1      | Learned a level 2 spell: Blink
   782 | D:1      | Gained mutation: You have large cloven feet. [demonic
                  | ancestry]
   782 | D:1      | Reached XP level 3. HP: 24/24 MP: 8/8
  1043 | D:1      | Reached skill level 1 in Translocations
  1242 | D:2      | Found a burning altar of Makhleb.
  1494 | D:2      | Found an iron altar of Okawaru.
  1566 | D:2      | Became a worshipper of Makhleb the Destroyer
  1665 | D:2      | Reached skill level 1 in Fighting
  1705 | D:2      | Gained mutation: A weak demonic guardian rushes to your
                  | aid. [demonic ancestry]
  1705 | D:2      | Reached XP level 4. HP: 29/32 MP: 9/9
  1865 | D:2      | Found a glowing golden altar of the Shining One.
  2223 | D:3      | Noticed Natasha
  2316 | D:3      | Killed Natasha
  2316 | D:3      | Reached skill level 4 in Spellcasting
  2316 | D:3      | Reached skill level 1 in Invocations
  2327 | D:3      | Noticed Natasha
  2347 | D:3      | Killed from afar by Natasha

Levels and vault maps discovered:
D:1:      kb_arrival_jail, layout_basic
D:2:      layout_basic, tso_altar, bloody_makhleb, okawaru_metal_pillars_1_2
D:3:      layout_loops_cross, chequers_ecumenical_altar_simple, uniq_natasha

Skill      XL: |  1  2  3  4 |
---------------+-------------+-----
Translocations | 1 |  1.6
Conjurations   | 2 |  2.4
Fighting       | 1 |  1.3
Spellcasting   | 4 |  4.0
Invocations    | 1 |  1.1
Maces & Flails | |  0.4
Dodging        | |  1.7
Stealth        | |  1.7
Summonings     | |  1.0

Action                   |  1- 3 |  4- 6 || total
-------------------------+-------+-------++-------
Melee: Dagger            |    74 |       ||    74
       Unarmed           |     1 |       ||     1
       Whip              |     8 |    13 ||    21
       Kick              |       |     4 ||     4
Throw: Stone             |     3 |       ||     3
 Cast: Magic Dart        |    92 |    55 ||   147
       Blink             |     4 |     3 ||     7
  Use: Scroll            |       |     6 ||     6
       Potion            |       |     1 ||     1
 Stab: Sleeping          |     1 |       ||     1
  Eat: Chunk             |     3 |     1 ||     4
Armor: Robe              |    32 |     2 ||    34
Dodge: Dodged            |    82 |     9 ||    91
